[Event "fics rated crazyhouse match"]
[Site "fics, Oklahoma City, OK USA"]
[Date "2000.03.05"]
[White "Begemot"]
[WhiteElo "2191"]
[Black "dxpert"]
[BlackElo "2254"]
[TimeControl "180+3"]
[Result "1-0"]

1. e4 e6 2. d4 d5 3. e5 Nc6 4. Nf3 f6 5. exf6 gxf6 6. P@e5 
P@e4 7. Nh4 fxe5 8. Qh5+ P@g6 9. Nxg6 hxg6 10. Qxh8 Nxd4 11. Qxg8 Nxc2+ 
12. Kd1 Qe7 13. Bb5+ P@c6 14. P@f7+ Kd7 15. R@e8 Qf6 16. Qxf8 cxb5 17. Qe7+ 
Qxe7 18. Rxe7+ Kd6 19. B@c5+ Kxc5 20. Rxc7+ N@c6 21. f8=Q+ Kb6 22. Q@c5+ Ka6 
23. Rxc6+ bxc6 24. Qxc6+ R@b6 25. Qa3+ Nxa3 26. N@c5+ Ka5 27. Bd2+ P@c3 28. Bxc3+ 
P@b4 29. N@b3# 
{dxpert checkmated} 1-0

[Event "fics rated crazyhouse match"]
[Site "fics, Oklahoma City, OK USA"]
[Date "2000.03.05"]
[White "dxpert"]
[WhiteElo "2305"]
[Black "TeemuTH"]
[BlackElo "2113"]
[TimeControl "300+0"]
[Result "1-0"]

1. e4 e6 2. d4 d5 3. exd5 exd5 4. Bb5+ Nc6 5. Qe2+ Be7 6. Bxc6+ 
bxc6 7. N@e5 P@b7 8. Ngf3 Nf6 9. P@g5 Ne4 10. Nc3 Nxc3 11. bxc3 N@e4 
12. N@h5 Rg8 13. Bd2 B@g4 14. Nxf7 Kxf7 15. Ne5+ Kf8 16. Nxg4 Nxd2 17. Qxd2 
Bxg5 18. Qe2 P@e4 19. B@c5+ B@d6 20. P@f4 Bge7 21. Bxd6 cxd6 22. N@b2 N@h4 
23. Rg1 B@b5 24. Qd1 Bf5 25. Ne3 Bg6 26. Ng3 Ke8 27. a4 Ba6 28. Qg4 
Rf8 29. f5 Bf7 30. Qxg7 Rg8 31. Qxh7 Qd7 32. Qxf7+ Kxf7 33. P@e6+ Qxe6 
34. fxe6+ Kxe6 35. P@f5+ Kd7 36. Q@e6+ Kc7 37. Qxe7+ P@d7 38. Qxh4 Rxg3 39. B@a5+ 
P@b6 40. N@e6+ dxe6 41. Qh7+ N@d7 42. Nec4 Bxc4 43. Nxc4 dxc4 44. hxg3 e3 
45. fxe3 N@e4 46. R@d2 Nxd2 47. fxe6 N@f3+ 48. Kd1 Rd8 49. gxf3 Nxf3 50. N@e8+ 
Kc8 51. Nxd6+ Kc7 52. Ne8+ Kc8 53. exd7+ Rxd7 54. Qxd7+ Kxd7 55. R@c7+ Kxe8 
56. P@f7+ Kf8 57. N@e6# 
{TeemuTH checkmated} 1-0

[Event "fics rated crazyhouse match"]
[Site "fics, Oklahoma City, OK USA"]
[Date "2000.03.05"]
[White "TeemuTH"]
[WhiteElo "2109"]
[Black "dxpert"]
[BlackElo "2314"]
[TimeControl "300+0"]
[Result "0-1"]

1. e4 Nf6 2. Nc3 d5 3. exd5 Nxd5 4. d4 e6 5. Nf3 Nc6 6. Bb5 
Bb4 7. Bd2 Bxc3 8. Bxc3 P@e3 9. fxe3 Nxe3 10. Qe2 N@f4 11. Qxe3 Nxg2+ 
12. Kf2 Nxe3 13. Kxe3 P@f4+ 14. Kxf4 Qf6+ 15. Ke3 Q@f4+ 16. Kd3 Q6f5+ 17. Kc4 
Qd5+ 18. Kd3 Qdxf3+ 19. Kc4 N@d2+ 20. Kc5 Qd5# 
{TeemuTH checkmated} 0-1

[Event "fics rated crazyhouse match"]
[Site "fics, Oklahoma City, OK USA"]
[Date "2000.03.05"]
[White "dxpert"]
[WhiteElo "2322"]
[Black "TeemuTH"]
[BlackElo "2105"]
[TimeControl "120+0"]
[Result "1-0"]

1. e4 e6 2. d4 d5 3. exd5 exd5 4. Bb5+ Nc6 5. Qe2+ Be7 6. Bxc6+ 
bxc6 7. N@h5 B@f8 8. P@e5 P@e4 9. Nc3 Bf5 10. Ng3 Bg6 11. Qa6 Qd7 
12. a3 e3 13. Bxe3 Bxc2 14. P@b7 Rb8 15. Qxa7 Qd8 16. Qa6 Rxb7 17. Qxc6+ 
Qd7 18. Qxb7 Bxa3 19. R@c8+ Qxc8 20. Qxc8+ R@d8 21. Q@d7# 
{TeemuTH checkmated} 1-0

[Event "fics rated crazyhouse match"]
[Site "fics, Oklahoma City, OK USA"]
[Date "2000.03.05"]
[White "TeemuTH"]
[WhiteElo "2101"]
[Black "dxpert"]
[BlackElo "2330"]
[TimeControl "120+0"]
[Result "0-1"]

1. e4 e6 2. d4 d5 3. e5 Nc6 4. Nf3 f6 5. exf6 gxf6 6. Nc3 
P@e4 7. Nh4 Qd7 8. P@g6 Qg7 9. gxh7 Qxh7 10. Bb5 Qxh4 11. Bxc6+ bxc6 
12. N@g6 Qh7 13. Nxh8 Qxh8 14. P@g6 N@h4 15. R@h7 Nxg2+ 16. Kf1 Ba6+ 17. Kxg2 
B@f3+ 18. Kg3 N@f5+ 19. Kf4 P@g5# 
{TeemuTH checkmated} 0-1

[Event "fics rated crazyhouse match"]
[Site "fics, Oklahoma City, OK USA"]
[Date "2000.03.05"]
[White "dxpert"]
[WhiteElo "2337"]
[Black "TeemuTH"]
[BlackElo "2098"]
[TimeControl "120+0"]
[Result "1-0"]

1. e4 e6 2. d4 d5 3. exd5 exd5 4. Bb5+ Nc6 5. Qe2+ Be7 6. Bxc6+ 
bxc6 7. N@h5 B@f8 8. P@e5 Bf5 9. a3 P@e4 10. Ng3 Bg6 11. Qa6 Qd7 
12. Nc3 h5 13. Qb7 Qc8 14. Qxc6+ Kd8 15. P@b7 
{TeemuTH resigns} 1-0

[Event "fics rated crazyhouse match"]
[Site "fics, Oklahoma City, OK USA"]
[Date "2000.03.05"]
[White "TeemuTH"]
[WhiteElo "2095"]
[Black "dxpert"]
[BlackElo "2343"]
[TimeControl "120+0"]
[Result "0-1"]

1. e4 e6 2. d4 Nf6 3. Bg5 Bb4+ 4. Nc3 Bxc3+ 5. bxc3 Rg8 6. e5 
N@e4 7. Bh4 Nxc3 8. Qd3 P@b2 9. Qxc3 bxa1=Q+ 10. Qxa1 R@e4+ 11. P@e3 Rxh4 
12. exf6 gxf6 13. Nf3 Rhg4 14. N@h6 Rxg2 15. Bxg2 B@b4+ 16. Ke2 Rxg2 17. R@h8+ 
B@f8 18. Rg1 P@e4 19. Rxg2 exf3+ 20. Kxf3 N@d2+ 21. Ke2 P@f3+ 22. Kd3 fxg2 
23. N@g7+ Ke7 24. Nhf5+ exf5 25. Nxf5+ Ke6 26. d5+ Kxf5 27. B@h3+ Kg5 28. Rg8+ 
N@g6 29. P@f4+ Kh6 30. Bxg2 R@b1 31. Qxb1 Nxb1 32. R@h3+ N@h4 33. P@g5+ fxg5 
34. fxg5+ Kxg5 35. Rxg6# 
{TeemuTH forfeits on time} 0-1

[Event "fics rated crazyhouse match"]
[Site "fics, Oklahoma City, OK USA"]
[Date "2000.03.05"]
[White "dxpert"]
[WhiteElo "2349"]
[Black "TeemuTH"]
[BlackElo "2092"]
[TimeControl "180+0"]
[Result "1-0"]

1. e4 e6 2. d4 d6 3. Nf3 Nf6 4. Bd3 Nc6 5. c3 Be7 6. Ng5 
h6 7. Nxf7 Kxf7 8. P@b5 Na5 9. b4 Rf8 10. bxa5 Kg8 11. N@g6 Rf7 
12. e5 dxe5 13. dxe5 Nd5 14. P@h7+ Kxh7 15. Nxe7+ P@f5 16. B@g6+ Kh8 17. Bxf7 
Qxe7 18. R@g8+ Kh7 19. Bxf5+ g6 20. B5xg6# 
{TeemuTH checkmated} 1-0

[Event "fics rated crazyhouse match"]
[Site "fics, Oklahoma City, OK USA"]
[Date "2000.03.05"]
[White "TeemuTH"]
[WhiteElo "2089"]
[Black "dxpert"]
[BlackElo "2355"]
[TimeControl "180+0"]
[Result "1-0"]

1. e4 e6 2. d4 d5 3. e5 Nc6 4. Nf3 f6 5. Bb5 Bb4+ 6. Nc3 
Bd7 7. Bxc6 Bxc6 8. N@h5 Qe7 9. exf6 Nxf6 10. Bg5 Bxc3+ 11. bxc3 N@b2 
12. Qe2 B@a5 13. B@d2 P@e4 14. Ne5 Rf8 15. P@f7+ Rxf7 16. Nxf7 Qxf7 17. R@h8+ 
N@f8 18. Bxf6 gxf6 19. N@h6 B@c4 20. Nxf7 Bxe2 21. Nxf6+ Kxf7 22. Q@g8+ Kxf6 
23. Qg5+ Kf7 24. Qg8+ Ke7 25. Rxh7+ Nxh7 26. Qxh7+ P@f7 27. N@g6+ Kd8 28. P@e7+ 
Kc8 29. Qxf7 Q@g4 30. e8=Q+ Bxe8 31. Qxe8+ N@d8 32. P@d7+ Kb8 33. Qxd8+ N@c8 
34. dxc8=Q# 
{dxpert checkmated} 1-0

[Event "fics rated crazyhouse match"]
[Site "fics, Oklahoma City, OK USA"]
[Date "2000.03.05"]
[White "dxpert"]
[WhiteElo "2331"]
[Black "TeemuTH"]
[BlackElo "2102"]
[TimeControl "180+0"]
[Result "1-0"]

1. e4 e6 2. d4 d5 3. exd5 exd5 4. Bb5+ P@c6 5. Bd3 Nf6 6. Qe2+ 
Be7 7. P@e5 Bg4 8. f3 Ne4 9. fxg4 Bh4+ 10. Kf1 Bg5 11. Bxg5 Qxg5 
12. Bxe4 dxe4 13. B@e3 B@f4 14. N@h3 Bxe3 15. Nxg5 Bxg5 16. Q@c8+ B@d8 17. Ke1 
e3 18. Qxb7 N@f2 19. Qxa8 Nxh1 20. Qxb8 B@f2+ 21. Kf1 O-O 22. Qxa7 R@e1+ 
23. Qxe1 Bxe1 24. N@d3 Bd2 25. Nxd2 exd2 26. P@f2 Nxf2 27. Kxf2 N@e4+ 28. Kf1 
P@c4 29. B@f5 cxd3 30. Bxh7+ Kxh7 31. B@f5+ B@g6 32. R@h3+ N@h6 33. Bxe4 Bxe4 
34. cxd3 Bxd3+ 35. Rxd3 P@c2 36. Rxd2 Bxd2 37. B@d3+ B@g6 38. Bxc2 Bxc2 39. R@e2 
Bd3 40. N@f2 Bxe2+ 41. Nxe2 R@e1+ 42. Rxe1 Bxe1 43. B@e4+ B@g6 44. P@e7 R@a1 
45. Bxg6+ fxg6 46. N@g5+ Kh8 47. exf8=Q# 
{TeemuTH forfeits on time} 1-0

[Event "fics rated crazyhouse match"]
[Site "fics, Oklahoma City, OK USA"]
[Date "2000.03.05"]
[White "TeemuTH"]
[WhiteElo "2099"]
[Black "dxpert"]
[BlackElo "2337"]
[TimeControl "180+0"]
[Result "0-1"]

1. e4 e6 2. d4 d6 3. Nf3 Nf6 4. Nc3 Nc6 5. Bg5 Be7 6. Bc4 
Ng4 7. Bxe7 Qxe7 8. B@h4 B@f6 9. Bxf6 gxf6 10. d5 exd5 11. Bxd5 P@e3 
12. B@g3 Nxf2 13. Bxf2 exf2+ 14. Kxf2 P@g7 15. N@h5 Rg8 16. P@a6 B@c5+ 17. P@e3 
B@b6 18. Re1 Bxe3+ 19. Rxe3 P@g4 20. Nd4 Nxd4 21. axb7 Bxb7 22. Bxb7 N@c4 
23. Bxa8 Nxe3 24. R@b8+ R@d8 25. Rxd8+ Qxd8 26. B@c6+ Nxc6 27. Bxc6+ Ke7 28. Ke2 
P@f3+ 29. gxf3 gxf3+ 30. Kxf3 B@g4+ 31. Kg3 R@g2+ 32. Kf4 P@e5# 
{TeemuTH checkmated} 0-1

[Event "fics rated crazyhouse match"]
[Site "fics, Oklahoma City, OK USA"]
[Date "2000.03.05"]
[White "Gobi"]
[WhiteElo "2247"]
[Black "Robonitemove"]
[BlackElo "2175"]
[TimeControl "180+0"]
[Result "0-1"]

1. e4 e6 2. d4 d6 3. Nc3 Nf6 4. Nf3 Be7 5. e5 dxe5 6. Nxe5 
P@b4 7. Ne2 Nbd7 8. Nd3 Nb6 9. Bg5 Ne4 10. Bxe7 Qxe7 11. B@c5 Nxc5 
12. dxc5 Nc4 13. N@d2 Nxb2 14. Nxb2 P@c3 15. Nbc4 cxd2+ 16. Qxd2 Qxc5 17. Rd1 
B@d5 18. Ne3 N@c4 19. Nxc4 Qxc4 20. P@b3 Qc6 21. c4 bxc3 22. Nxc3 N@e4 
23. Nxe4 P@e3 24. fxe3 P@e2 25. Bxe2 B@h4+ 26. P@f2 Bxe4 27. N@e5 N@c2+ 28. Kf1 
Nxe3+ 29. Kg1 Qd5 30. Qxe3 Qxe5 31. N@f3 P@f4 32. Nxe5 fxe3 33. P@g3 N@h3+ 
34. Kf1 Nxf2 35. gxh4 Bxg2+ 36. Kxg2 P@h3+ 37. Kf3 Q@e4+ 38. Kg3 P@f4# 
{Gobi checkmated} 0-1

[Event "fics rated crazyhouse match"]
[Site "fics, Oklahoma City, OK USA"]
[Date "2000.03.05"]
[White "Robonitemove"]
[WhiteElo "2186"]
[Black "Gobi"]
[BlackElo "2237"]
[TimeControl "180+0"]
[Result "0-1"]

1. e4 e5 2. Nc3 Nc6 3. Nf3 Bc5 4. Nxe5 Nxe5 5. d4 Bxd4 6. Nb5 
Bxf2+ 7. Kxf2 N@g4+ 8. Ke2 a6 9. Nc3 Qf6 10. B@c5 Ne7 11. P@f4 d6 
12. Bg1 N5g6 13. h3 P@f2 14. Bxf2 Nxf2 15. Kxf2 Nxf4 16. Bxf4 Qxf4+ 17. N@f3 
B@e3+ 18. Ke2 P@d4 19. P@d2 dxc3 20. dxe3 N@g3+ 21. Kf2 Nxh1+ 22. Ke2 R@f2+ 
23. Kd3 Rxf3 24. B@a4+ P@b5 25. gxf3 Nf2+ 26. Ke2 Nxd1 27. Bxb5+ axb5 28. P@d7+ 
Bxd7 29. R@b8+ Rxb8 30. Rxd1 R@f2+ 31. Ke1 Qxe3+ 32. N@e2 Rxf1+ 33. Kxf1 Q@f2# 
{Robonitemove checkmated} 0-1

[Event "fics rated crazyhouse match"]
[Site "fics, Oklahoma City, OK USA"]
[Date "2000.03.05"]
[White "Gobi"]
[WhiteElo "2244"]
[Black "Robonitemove"]
[BlackElo "2178"]
[TimeControl "180+0"]
[Result "1-0"]

1. e4 e6 2. d4 Nc6 3. Nf3 Nf6 4. Bd3 Bb4+ 5. c3 Be7 6. Nbd2 
O-O 7. e5 Nd5 8. Ne4 d6 9. O-O dxe5 10. Nxe5 Nxe5 11. dxe5 f5 
12. exf6 Nxf6 13. Ng5 P@h6 14. P@f7+ Rxf7 15. Nxf7 Kxf7 16. N@e5+ Kg8 17. P@f7+ 
Kh8 18. Bxh7 Kxh7 19. P@g6+ Kh8 20. Qxd8+ Bxd8 21. R@h7+ Nxh7 22. Q@g8# 
{Robonitemove checkmated} 1-0

[Event "fics rated crazyhouse match"]
[Site "fics, Oklahoma City, OK USA"]
[Date "2000.03.05"]
[White "Robonitemove"]
[WhiteElo "2171"]
[Black "Gobi"]
[BlackElo "2251"]
[TimeControl "180+0"]
[Result "0-1"]

1. e4 e5 2. Nc3 Nc6 3. Nf3 Nf6 4. Bc4 Bc5 5. Ng5 O-O 6. d3 
d6 7. O-O Bg4 8. Nf3 Nd4 9. Be3 Bxf3 10. gxf3 N@h3+ 11. Kg2 Nf4+ 
12. Bxf4 exf4 13. N@e2 Nxe2 14. Qxe2 B@h5 15. N@f5 N@d4 16. Nxd4 Bxd4 17. N@f5 
Bxc3 18. bxc3 N@g5 19. B@e7 Bxf3+ 20. Qxf3 Nxf3 21. Bxf7+ Rxf7 22. Bxf6 Qxf6 
23. Kxf3 N@e5+ 24. Kg2 B@f3+ 25. Kg1 Q@g2# 
{Robonitemove checkmated} 0-1

[Event "fics rated crazyhouse match"]
[Site "fics, Oklahoma City, OK USA"]
[Date "2000.03.05"]
[White "Flesh"]
[WhiteElo "2339"]
[Black "CDay"]
[BlackElo "2099"]
[TimeControl "60+0"]
[Result "1-0"]

1. e3 e6 2. d4 d5 3. Nf3 Nf6 4. Nc3 Be7 5. Bb5+ Nc6 6. Bxc6+ 
bxc6 7. Ne5 Ne4 8. Nxc6 Qd7 9. Nxe4 dxe4 10. N@e5 Qd6 11. P@c5 Qd5 
12. Nxe7 Kxe7 13. B@c6 B@a5+ 14. Bd2 Bxd2+ 15. Qxd2 Qd8 16. Bxa8 N@h4 17. N@c6+ 
Ke8 18. Nxd8 Nxg2+ 19. Kd1 B@h5+ 20. Kc1 P@c3 21. Qxc3 N@a4 22. B@b5+ c6 
23. Bbxc6+ Kxd8 24. Bxa4 Nxe3 25. Qxe3 N@e2+ 26. Qxe2 P@d7 27. P@c7+ Kxc7 28. P@d6+ 
Kd8 29. Q@e7# 
{CDay checkmated} 1-0

[Event "fics rated crazyhouse match"]
[Site "fics, Oklahoma City, OK USA"]
[Date "2000.03.05"]
[White "CDay"]
[WhiteElo "2096"]
[Black "Flesh"]
[BlackElo "2342"]
[TimeControl "60+0"]
[Result "1-0"]

1. e4 Nf6 2. e5 Ne4 3. d3 Nc5 4. Nc3 d5 5. d4 Ne4 6. Bd3 
Bf5 7. Bxe4 dxe4 8. N@h4 B@g4 9. Nge2 Bxe2 10. Qxe2 Bg6 11. Nxe4 Qxd4 
12. Nxg6 hxg6 13. B@c3 Qd5 14. Bf4 Nc6 15. Rd1 P@d4 16. P@b5 N@h4 17. Rg1 
N@a4 18. bxc6 Nxc3 19. bxc3 bxc6 20. Rxd4 Qa5 21. P@d7# 
{Flesh resigns} 1-0

[Event "fics rated crazyhouse match"]
[Site "fics, Oklahoma City, OK USA"]
[Date "2000.03.05"]
[White "CDay"]
[WhiteElo "2105"]
[Black "Flesh"]
[BlackElo "2333"]
[TimeControl "60+0"]
[Result "1-0"]

1. e4 d5 2. Nc3 dxe4 3. Nxe4 e5 4. Nf3 Nf6 5. Nxf6+ gxf6 6. d4 
Bg4 7. Be2 Bxf3 8. Bxf3 Nc6 9. d5 Nd4 10. B@a4+ P@d7 11. P@c6 bxc6 
12. dxc6 Nxf3+ 13. gxf3 dxc6 14. Bxc6+ P@d7 15. Qxd7+ Qxd7 16. Bxd7+ Kxd7 17. P@c6+ 
Kxc6 18. N@a5+ Kb5 19. Q@c6+ Kxa5 20. N@c4+ Kb4 21. c3# 
{Flesh checkmated} 1-0

[Event "fics rated crazyhouse match"]
[Site "fics, Oklahoma City, OK USA"]
[Date "2000.03.05"]
[White "Flesh"]
[WhiteElo "2320"]
[Black "CDay"]
[BlackElo "2118"]
[TimeControl "60+0"]
[Result "0-1"]

1. e4 d5 2. exd5 e6 3. Bb5+ c6 4. dxe6 Bxe6 5. d4 P@c7 6. Nc3 
Bb4 7. Nf3 cxb5 8. Bf4 Nf6 9. P@h6 Rg8 10. hxg7 Bxc3+ 11. bxc3 N@e4 
12. P@e5 Nd5 13. B@f6 Qd7 14. P@d2 B@h5 15. Bg3 Nc6 16. Rg1 Ndxf6 17. exf6 
Nxf6 18. N@e5 Nxe5 19. dxe5 Ne4 20. N@f6+ Nxf6 21. exf6 O-O-O 22. N@c5 Qc6 
23. Nxe6 Qxe6+ 24. B@e5 B@b2 25. Rb1 Bxc3 26. Rxb5 Bg4 27. Qe2 Bxd2+ 28. Kf1 
Bxf3 29. gxf3 P@h3 30. P@d5 P@g2+ 31. Rxg2 hxg2+ 32. Kg1 R@h1+ 33. Kxg2 Qh3+ 
34. Kxh1 P@g2+ 35. Kg1 Qxh2+ 36. Bxh2 N@g4 37. Kxg2 Ne3+ 38. fxe3 N@h4+ 39. Kh3 
N@g5# 
{Flesh forfeits on time} 0-1

[Event "fics rated crazyhouse match"]
[Site "fics, Oklahoma City, OK USA"]
[Date "2000.03.05"]
[White "CDay"]
[WhiteElo "2130"]
[Black "Flesh"]
[BlackElo "2308"]
[TimeControl "60+0"]
[Result "0-1"]

1. e4 d5 2. exd5 e6 3. Nc3 exd5 4. d4 Nf6 5. Nf3 Bg4 6. Be2 
Nc6 7. Bg5 Bxf3 8. gxf3 P@e4 9. Rg1 exf3 10. Bxf3 P@e4 11. Bh1 N@f3+ 
12. Bxf3 exf3 13. Bxf6 Qxf6 14. P@e5 Qd8 15. B@g5 Be7 16. Bxe7 Qxe7 17. Nxd5 
B@b4+ 18. c3 Qd7 19. N@f6+ gxf6 20. Nxf6+ Kd8 21. Nxd7 B@e2 22. B@h4+ B@e7 
23. Bxe7+ Bxe7 24. P@f6 Bxd1 25. fxe7+ Kc8 26. Q@d8+ Nxd8 27. exd8=Q+ Rxd8 28. N@e7+ 
Kxd7 29. B@g4+ P@e6 30. N@f6+ Kxe7 31. B@b4+ B@d6 32. exd6+ cxd6 33. Ng8+ Rxg8 
34. Bxd6+ Kxd6 35. B@e5+ Kc6 36. Bxf3+ Bxf3 37. P@b5+ Kxb5 38. a4+ Kc4 39. P@d3+ 
Kxd3 40. Rd1+ Kc2 41. Rd2+ Kb3 
{CDay forfeits on time} 0-1

[Event "fics rated crazyhouse match"]
[Site "fics, Oklahoma City, OK USA"]
[Date "2000.03.05"]
[White "Flesh"]
[WhiteElo "2312"]
[Black "CDay"]
[BlackElo "2126"]
[TimeControl "60+0"]
[Result "1-0"]

1. e4 e6 2. d4 d5 3. e5 Nc6 4. Nf3 Nge7 5. Bg5 h6 6. Bh4 
Qd7 7. Bb5 Nf5 8. Nc3 Nxh4 9. Nxh4 Bb4 10. N@g6 fxg6 11. Nxg6 Rg8 
12. P@h7 Bxc3+ 13. bxc3 Rf8 14. Nxf8 B@h8 15. R@g8 Qe7 16. Ng6+ Kd7 17. Nxe7 
Kxe7 18. Rxh8 Bd7 19. Rxa8 N@e3 20. Q@f8# 
{CDay checkmated} 1-0

[Event "fics rated crazyhouse match"]
[Site "fics, Oklahoma City, OK USA"]
[Date "2000.03.05"]
[White "CDay"]
[WhiteElo "2122"]
[Black "Flesh"]
[BlackElo "2316"]
[TimeControl "60+0"]
[Result "1-0"]

1. e4 d5 2. e5 d4 3. Nf3 Nc6 4. Bb5 Bg4 5. d3 e6 6. Bxc6+ 
bxc6 7. h3 Bxf3 8. gxf3 Be7 9. Rg1 N@h4 10. B@g3 Nxf3+ 11. Qxf3 B@d5 
12. N@e4 Bxe4 13. dxe4 P@e3 14. fxe3 dxe3 15. Bxe3 P@d4 16. Bd2 N@c4 17. N@h5 
Bf8 18. P@f6 gxf6 19. exf6 Nxf6 20. Nxf6+ Qxf6 21. Qxf6 P@e3 22. N@g7+ Kd7 
23. Ba5 P@f2+ 24. Kf1 fxg1=Q+ 25. Kxg1 N@e2+ 26. Kh2 Nxg3 27. Qxf7+ B@e7 28. Qxe6+ 
Kd8 29. Q@d7# 
{Flesh checkmated} 1-0

[Event "fics rated crazyhouse match"]
[Site "fics, Oklahoma City, OK USA"]
[Date "2000.03.05"]
[White "Flesh"]
[WhiteElo "2304"]
[Black "CDay"]
[BlackElo "2134"]
[TimeControl "60+0"]
[Result "1-0"]

1. e4 d5 2. exd5 e6 3. Bb5+ c6 4. dxe6 Bxe6 5. d4 Nf6 6. Nc3 
Bb4 7. Bf4 P@c7 8. Be2 Nbd7 9. Nf3 Qe7 10. Ne5 Nxe5 11. dxe5 Nd5 
12. P@d6 cxd6 13. exd6 Bxd6 14. Bxd6 Qxd6 15. Nxd5 Bxd5 16. N@e4 B@a5+ 17. B@c3 
Bxc3+ 18. bxc3 Qe7 19. P@d6 Qxe4 20. B@f3 Qe6 21. Bxd5 Qxd6 22. Bxf7+ Kxf7 
23. Qxd6 P@d2+ 24. Qxd2 N@e4 25. N@d6+ Nxd6 26. Qxd6 P@d2+ 27. Qxd2 B@f6 28. N@d6+ 
Ke7 29. Nf5+ Kf7 30. B@h5+ g6 31. Qd7+ P@e7 32. Q@e6+ Kf8 33. Qxf6+ B@f7 
34. Qdxe7# 
{CDay resigns} 1-0

[Event "fics rated crazyhouse match"]
[Site "fics, Oklahoma City, OK USA"]
[Date "2000.03.05"]
[White "CDay"]
[WhiteElo "2130"]
[Black "Flesh"]
[BlackElo "2308"]
[TimeControl "60+0"]
[Result "0-1"]

1. e4 d5 2. Nc3 dxe4 3. Nxe4 e5 4. Nf3 Bg4 5. Be2 Bxf3 6. Bxf3 
Nc6 7. d3 Nd4 8. B@a4+ P@c6 9. P@e2 Nxf3+ 10. exf3 Nf6 11. Bg5 Be7 
12. Bxf6 Bxf6 13. Nxf6+ gxf6 14. N@e4 B@g7 15. N@h5 B@h6 16. Nxg7+ Bxg7 17. B@h4 
N@d5 18. B@c4 N@f5 19. Bxd5 Nxh4 20. Bdxc6+ bxc6 21. Bxc6+ B@d7 22. Rg1 Bxc6 
23. P@g3 Bxe4 24. gxh4 B@d4 25. P@c3 Bxf2+ 26. Kxf2 P@e3+ 27. Kxe3 B@d4+ 28. cxd4 
Qxd4+ 29. Ke2 N@f4+ 30. Kd2 Qxb2 31. P@d7+ Kf8 32. B@c5+ P@d6 33. B@c3 P@e3+ 
34. Bxe3 Qxc3+ 35. Kxc3 Nd5+ 36. Kd2 B@c3+ 37. Ke2 N@f4+ 38. Bxf4 Nxf4+ 39. Kf2 
Bd4+ 40. P@e3 Bxe3+ 41. Kxe3 Bh6 42. Kf2 Nxd3+ 43. Kg3 P@e3 44. N@g6+ fxg6 
45. Q@e8+ Rxe8 
{CDay forfeits on time} 0-1

[Event "fics rated crazyhouse match"]
[Site "fics, Oklahoma City, OK USA"]
[Date "2000.03.05"]
[White "Flesh"]
[WhiteElo "2312"]
[Black "CDay"]
[BlackElo "2126"]
[TimeControl "60+0"]
[Result "1-0"]

1. e4 d5 2. exd5 e6 3. Bb5+ c6 4. dxe6 Bxe6 5. d4 Nf6 6. Bf4 
P@c7 7. Nc3 Bb4 8. Be2 Ne4 9. Nf3 Bxc3+ 10. bxc3 Nxc3 11. Qd3 Nxe2 
12. Qxe2 B@c3+ 13. P@d2 Bxa1 14. B@e5 P@f6 15. Bxc7 Qe7 16. Bxb8 R@b1+ 17. N@d1 
N@b2 18. O-O Nxd1 19. Rxd1 Rxd1+ 20. Qxd1 Bd5 21. P@d6 Qe6 22. N@c7+ Kd7 
23. N@c5+ Kd8 24. P@e7+ Kc8 25. N7xe6 Bxe6 26. Q@c7# 
{CDay checkmated} 1-0

[Event "fics rated crazyhouse match"]
[Site "fics, Oklahoma City, OK USA"]
[Date "2000.03.05"]
[White "CDay"]
[WhiteElo "2122"]
[Black "Flesh"]
[BlackElo "2316"]
[TimeControl "60+0"]
[Result "0-1"]

1. e4 d5 2. e5 d4 3. Nf3 Nc6 4. Bb5 Bg4 5. Bxc6+ bxc6 6. h3 
Bxf3 7. Qxf3 B@d5 8. B@e4 Bxe4 9. Qxe4 B@d5 10. Qxd4 e6 11. c4 Bxg2 
12. P@d7+ Qxd7 13. Qxd7+ Kxd7 14. B@e2 N@c2+ 15. Kd1 Nxa1 16. Na3 Bxa3 17. N@e3 
P@f3 18. Bd3 P@e2+ 19. Ke1 N@c2+ 20. Nxc2 Q@d1# 
{CDay checkmated} 0-1

[Event "fics rated crazyhouse match"]
[Site "fics, Oklahoma City, OK USA"]
[Date "2000.03.05"]
[White "Flesh"]
[WhiteElo "2320"]
[Black "CDay"]
[BlackElo "2118"]
[TimeControl "60+0"]
[Result "1-0"]

1. e4 e6 2. d4 d5 3. e5 Ne7 4. Bg5 h6 5. Bh4 Qd7 6. Bxe7 
Bxe7 7. Nf3 Nc6 8. Bb5 B@h5 9. N@a5 Bxf3 10. gxf3 N@g2+ 11. Kf1 Nf4 
12. B@e3 Nh5 13. Rg1 O-O 14. Nc3 Qd8 15. Bxc6 bxc6 16. Nxc6 Ba6+ 17. P@d3 
B@h3+ 18. N@g2 Qe8 19. Nxe7+ Qxe7 20. Bxh6 gxh6 21. P@f6 Qd7 22. Ke1 Bxg2 
23. Rxg2+ B@g6 24. B@g4 Nf4 25. Rg1 N@g2+ 26. Rxg2 Nxg2+ 27. Kf1 Nf4 28. N@e7+ 
Qxe7 29. fxe7 Baxd3+ 30. Qxd3 P@g2+ 31. Ke1 Nxd3+ 32. cxd3 R@f1+ 33. Kd2 Rxf2+ 
34. B@e2 N@c4+ 35. dxc4 Q@c2+ 36. Ke3 N@f1+ 37. Kxf2 P@e3+ 38. Kg1 
{CDay forfeits on time} 1-0

[Event "fics rated crazyhouse match"]
[Site "fics, Oklahoma City, OK USA"]
[Date "2000.03.05"]
[White "CDay"]
[WhiteElo "2114"]
[Black "Flesh"]
[BlackElo "2324"]
[TimeControl "60+0"]
[Result "0-1"]

1. d3 d5 2. Nc3 d4 3. e4 dxc3 4. bxc3 e5 5. Ba3 Bxa3 6. Nf3 
B@b2 7. Rb1 Bxc3+ 8. P@d2 Bd4 9. Be2 Bxf2+ 10. Kxf2 N@g4+ 11. Kf1 P@e3 
12. B@h3 exd2 13. Bxg4 Bxg4 14. Qxd2 Bxf3 15. Bxf3 P@c3 16. Qxc3 B@d4 17. Qxa3 
N@d2+ 18. Ke2 Nxb1 19. B@b4 P@c5 20. Qa4+ Nc6 21. Be1 Nc3+ 22. Bxc3 Bxc3 
23. B@e3 B@d4 24. Bxd4 cxd4 25. B@c1 B@e3 26. Bg4 R@f2+ 27. Kd1 Bxc1 28. P@d7+ 
Kf8 29. Kxc1 B@b2+ 30. Kb1 Nf6 31. B@c5+ Kg8 32. P@h6 gxh6 33. N@f5 Nxg4 
34. Nxh6+ Nxh6 35. N@f6+ Qxf6 36. d8=Q+ Rxd8 37. P@g7 N@d2# 
{CDay checkmated} 0-1

[Event "fics rated crazyhouse match"]
[Site "fics, Oklahoma City, OK USA"]
[Date "2000.03.05"]
[White "Flesh"]
[WhiteElo "2328"]
[Black "CDay"]
[BlackElo "2110"]
[TimeControl "60+0"]
[Result "0-1"]

1. e4 e6 2. d4 d5 3. e5 Ne7 4. Bg5 h6 5. Bh4 Qd7 6. Bxe7 
Bxe7 7. Nf3 Nc6 8. Bb5 B@h5 9. Rg1 a6 10. Bxc6 bxc6 11. N@f4 B@g4 
12. Nxh5 Bxh5 13. Nc3 Rb8 14. N@f4 Bxf3 15. gxf3 N@g5 16. h4 Rxb2 17. hxg5 
P@h2 18. Rh1 hxg5 19. B@g6 gxf4 20. Bxf7+ Kxf7 21. N@c5 Bxc5 22. dxc5 P@g2 
23. Kd2 N@c4+ 24. Kd3 N@b4+ 25. Kd4 N@f5# 
{Flesh checkmated} 0-1

[Event "fics rated crazyhouse match"]
[Site "fics, Oklahoma City, OK USA"]
[Date "2000.03.05"]
[White "CDay"]
[WhiteElo "2122"]
[Black "Flesh"]
[BlackElo "2316"]
[TimeControl "60+0"]
[Result "0-1"]

1. e4 d5 2. e5 d4 3. Nf3 Nc6 4. Bc4 Bg4 5. h3 Bxf3 6. Qxf3 
Nxe5 7. Qxb7 Nxc4 8. Qb5+ P@d7 9. Qxc4 e5 10. B@b3 B@e6 11. Qe2 Bxb3 
12. axb3 N@f4 13. Qf3 Nf6 14. B@c4 d5 15. Bb5+ B@d7 16. P@c6 e4 17. Qxf4 
Bd6 18. cxd7+ Kf8 19. B@e5 Bxe5 20. Qxe5 B@d6 21. Qxd4 c5 22. Qe3 Nxd7 
23. Bxd7 Qxd7 24. P@h6 B@f6 25. hxg7+ Bxg7 26. P@h6 Bxh6 27. Qxh6+ P@g7 28. Qxg7+ 
Kxg7 29. N@h5+ Kh6 30. B@g7+ Kxh5 31. N@f6+ Kg6 32. N@h5 Qf5 33. P@g4 Qxf2+ 
34. Kxf2 P@g3+ 35. Nxg3 Bxg3+ 36. Kxg3 P@f4+ 37. Kxf4 N@e6+ 38. Kg3 Q@f4+ 39. Kh4 
P@g5# 
{CDay checkmated} 0-1

[Event "fics rated crazyhouse match"]
[Site "fics, Oklahoma City, OK USA"]
[Date "2000.03.05"]
[White "Flesh"]
[WhiteElo "2320"]
[Black "CDay"]
[BlackElo "2118"]
[TimeControl "60+0"]
[Result "1-0"]

1. e4 e6 2. d4 Be7 3. Nf3 d5 4. Nc3 dxe4 5. Nxe4 Nc6 6. Bb5 
Bd7 7. Bxc6 Bxc6 8. P@d3 B@g4 9. Bf4 P@f5 10. Ng3 Bcxf3 11. gxf3 N@g2+ 
12. Kd2 Bh3 13. B@e5 Nf6 14. Bxc7 Qxd4 15. P@d6 Qxf4+ 16. N@e3 Nxe3 17. fxe3 
B@b4+ 18. c3 Qxe3+ 19. Kxe3 Nd5+ 20. Kd2 P@e3+ 21. Kc2 Bbxd6 22. Bxd6 Bxd6 
23. N@b5 N@b4+ 24. cxb4 Nxb4+ 25. Kb3 B@d5+ 26. B@c4 Bxc4+ 27. dxc4 P@a4+ 28. Kxa4 
B@e7 29. Nxd6+ Bxd6 30. Qxd6 N@c6 31. Q@d7# 
{CDay checkmated} 1-0